 Dungeon Crawl Stone Soup version 0.30-a0-1112-gfb780f5df6 (webtiles) character file.

Game seed: 15806888604902797194

294674 leviel the Severer (level 20, -10/205 HPs)
             Began as a Hill Orc Fighter on Apr 19, 2023.
             Was the Champion of the Shining One.
             Killed by the air
             ... invoked by Sojobo
              (28 damage)
             ... on level 4 of the Vaults.
             The game lasted 01:20:43 (33193 turns).

leviel the Severer (Hill Orc Fighter)              Turns: 33193, Time: 01:20:43

Health: -10/205    AC: 42    Str: 26      XL:     20   Next: 86%
Magic:  18/30      EV: 18    Int:  5 (6)  God:    the Shining One [******]
Gold:   1439       SH: 12    Dex: 10 (11) Spells: 19/19 levels left

rFire   + . .      SeeInvis .    a - +7 battleaxe (flame)
rCold   + . .      Faith    .    (shield currently unavailable)
rNeg    + + +      Spirit   .    F - +13 plate armour of Activism {Harm rC+ Regen+ Int+3 Dex-5}
rPois   +          Reflect  .    H - +2 hat
rElec   .          Rampage  .    B - +2 cloak
rCorr   .          Harm     + .  G - +2 pair of gloves {hurl}
Will    +....                    D - +2 pair of boots
Stlth   x                          - amulet of regeneration
HPRegen 2.14/turn                i - +5 ring of evasion
MPRegen 0.22/turn                L - ring of Bagoycao {rPois rF+ Int-5 Dex+4}

@: divinely shielded, glowing
A: deterioration 1, robust 1, MP-powered wands
}: 2/15 runes: serpentine, barnacled
a: Renounce Religion, Divine Shield, Cleansing Flame, Summon Divine Warrior


You were on level 4 of the Vaults.
You worshipped the Shining One.
The Shining One was exalted by your worship.
You visited 7 branches of the dungeon, and saw 34 of its levels.
You visited the Abyss 2 times.
You visited 2 bazaars.
You also visited: Ossuary.

You collected 3582 gold pieces.
You spent 2143 gold pieces at shops.

Inventory:

Hand Weapons
 a - a +7 battleaxe of flaming (weapon)
 c - a +9 battleaxe of holy wrath
 Q - a +1 sacred scourge of holy wrath
Missiles
 s - 16 silver javelins
 C - 5 throwing nets
 M - 19 javelins (quivered)
Armour
 g - a +2 pair of gloves of dexterity
 B - a +2 cloak (worn)
 D - a +2 pair of boots (worn)
 F - the +13 plate armour of Activism (worn) {Harm rC+ Regen+ Int+3 Dex-5}
   (You bought it in a shop in a bazaar)

   Int:       It affects your intelligence (+3).
   Dex:       It affects your dexterity (-5).
   rC:        It protects you from cold.
   Regen:     It increases your rate of health regeneration.
   Harm:      It increases damage dealt and taken.
 G - a +2 pair of gloves of hurling (worn)
 H - a +2 hat (worn)
Jewellery
 i - a +5 ring of evasion (left hand)
 n - a +6 ring of strength
 r - a ring of flight
 x - an amulet of regeneration (around neck)
 L - the ring of Bagoycao (right hand) {rPois rF+ Int-5 Dex+4}
   (You found it on level 1 of the Snake Pit)

   [ring of protection from fire]

   Int:       It affects your intelligence (-5).
   Dex:       It affects your dexterity (+4).
   rF:        It protects you from fire.
   rPois:     It protects you from poison.
 P - a ring of willpower
Wands
 b - a wand of charming (26)
 t - a wand of roots (23)
 w - a wand of flame (34)
 I - a wand of light (19)
 U - a wand of mindburst (26)
 V - a wand of digging (7)
Scrolls
 e - 11 scrolls of fear
 f - 17 scrolls of teleportation
 h - 2 scrolls of noise
 m - 2 scrolls of enchant weapon {@r3}
 o - 3 scrolls of immolation
 v - 25 scrolls of identify {@r1}
 y - 3 scrolls of enchant armour {@r2}
 z - 6 scrolls of amnesia
 A - 5 scrolls of fog
 R - a scroll of summoning
 S - a scroll of silence
 T - a scroll of poison
Potions
 d - 4 potions of flight
 j - 12 potions of curing
 k - 6 potions of magic
 l - 2 potions of brilliance
 p - 5 potions of lignification
 u - a potion of ambrosia
 O - a potion of cancellation
Miscellaneous
 E - a lightning rod (4/4)
 J - a box of beasts
 K - a phantom mirror
 N - a condenser vane


   Skills:
 * Level 17.8 Fighting
 - Level 20.0 Axes
 + Level 13.3 Throwing
 + Level 14.5 Armour
 + Level 17.8 Dodging
 - Level 6.5 Shields
 + Level 13.9 Invocations
 + Level 10.9 Evocations


You had 19 spell levels left.
You didn't know any spells.
Your spell library contained the following spells:

 Spells                   Type           Power      Damage    Failure   Level
 Foxfire                  Conj/Fire      0%         2x1d4     98%         1
 Magic Dart               Conj           0%         1d3       98%         1
 Sandblast                Erth           0%         2d4       98%         1
 Shock                    Conj/Air       0%         1d3       98%         1
 Sting                    Tmut/Pois      0%         1d3       98%         1
 Summon Small Mammal      Summ           0%         N/A       98%         1
 Blink                    Tloc           0%         N/A       99%         2
 Call Imp                 Summ           0%         N/A       99%         2
 Ensorcelled Hibernation  Hex/Ice        0%         N/A       99%         2
 Lesser Beckoning         Tloc           0%         N/A       99%         2
 Passwall                 Tmut/Erth      0%         N/A       99%         2
 Poisonous Vapours        Pois/Air       0%         N/A       99%         2
 Scorch                   Fire           0%         2d5       99%         2
 Call Canine Familiar     Summ           0%         N/A       100%        3
 Frozen Ramparts          Ice            0%         1d1       100%        3
 Gell's Gravitas          Tloc           0%         N/A       100%        3
 Mephitic Cloud           Conj/Pois/Air  0%         N/A       100%        3
 Portal Projectile        Hex/Tloc       0%         N/A       100%        3
 Spider Form              Tmut/Pois      0%         N/A       100%        3
 Stone Arrow              Conj/Erth      0%         3d7       100%        3
 Summon Guardian Golem    Hex/Summ       0%         N/A       100%        3
 Swiftness                Air            0%         N/A       100%        3
 Teleport Other           Tloc           0%         N/A       100%        3
 Vhi's Electric Charge    Tloc/Air       0%         N/A       100%        3
 Airstrike                Air            0%         2d(0-16)  100%        4
 Anguish                  Hex/Necr       0%         N/A       100%        4
 Animate Armour           Summ/Erth      0%         N/A       100%        4
 Flame Wave               Conj/Fire      0%         2d4       100%        4
 Ice Form                 Ice/Tmut       0%         N/A       100%        4
 Leda's Liquefaction      Hex/Erth       0%         N/A       100%        4
 Manifold Assault         Tloc           0%         N/A       100%        4
 Olgreb's Toxic Radiance  Pois           0%         N/A       100%        4
 Petrify                  Tmut/Erth      0%         N/A       100%        4
 Summon Ice Beast         Ice/Summ       0%         N/A       100%        4
 Arcjolt                  Conj/Air       0%         1d10      100%        5
 Fireball                 Conj/Fire      0%         3d3       100%        5
 Summon Forest            Summ/Tloc      0%         N/A       100%        5
 Dispersal                Tloc           0%         N/A       100%        6
 Eringya's Noxious Bog    Tmut/Pois      0%         N/A       100%        6
 Plasma Beam              Fire/Air       0%         2x1d11    100%        6
 Starburst                Conj/Fire      0%         6d3       100%        6
 Statue Form              Tmut/Erth      0%         N/A       100%        6
 Summon Cactus Giant      Summ           0%         N/A       100%        6
 Storm Form               Tmut/Air       0%         N/A       100%        7
 Summon Hydra             Summ           0%         N/A       100%        7
 Discord                  Hex            0%         N/A       100%        8
 Disjunction              Tloc           0%         N/A       100%        8
 Ignition                 Fire           0%         3d3       100%        8
 Lehudib's Crystal Spear  Conj/Erth      0%         10d2      100%        8


Dungeon Overview and Level Annotations

Branches:
Dungeon (14/15)            Temple (1/1) D:5            Lair (5/5) D:9
 Shoals (4/4) Lair:2        Snake (4/4) Lair:3        Slime (0/5) Lair:4
    Orc (2/2) D:11            Elf (0/3) Orc:2        Vaults (4/5) D:13
  Crypt (0/3) Vaults:2    Ossuary (visited)

Altars:
Ashenzari
Cheibriados
Dithmenos
Elyvilon
Fedhas
Gozag
Hepliaklqana
Kikubaaqudgha
Makhleb
Nemelex Xobeh
Okawaru
Qazlal
Ru
Sif Muna
Trog
Uskayaw
Vehumet
Wu Jian
Xom
Yredelemnul
Zin
The Shining One
Beogh
Lugonu

Shops:
D:6 [   Orc:2 *(=*[   Snake:1 [==   Snake:3 [*   Snake:4 (   Vaults:2 :

Portals:
Abyss: Lair:5
Trove: Vaults:3 (give +3 storm dragon scales)

Annotations:
Shoals:1 1 runed translucent door, Onluw's ghost, adept DsWn
Vaults:4 Sojobo


Innate Abilities, Weirdness & Mutations

Your body sometimes deteriorates upon taking damage.
You are robust. (+10% HP)
You expend magic power (3 MP) to strengthen your wands.


Message History

You hit Sojobo.
Sojobo is almost dead.
You slash the air elemental! You burn the air elemental.
You completely miss the air elemental. You hit the air elemental.
You burn the air elemental.
The air elemental fires a burst of electricity at you.
The stunning burst hits you but does no damage.
You shrug off the repeated paralysis!
The air elemental fires a burst of electricity at you.
The stunning burst misses you. The air elemental hits you.
* * * LOW HITPOINT WARNING * * *
The crystal guardian fires a crystalline bolt at you.
The crystal bolt misses you.
Sojobo waves her feathered arms in wide circles.
The air twists around and strikes you.
The air elemental fires a burst of electricity at you.
The stunning burst misses you.
The air elemental fires a burst of electricity at you.
The stunning burst misses you.
The air elemental fires a burst of electricity at you.
The stunning burst misses you.
Okay, then.
Blink to where?
Press: ? - help, Dir - move target
As you read the scroll of blinking, it crumbles to dust.
The air elemental fires a burst of electricity at you.
The stunning burst misses you.
The air elemental fires a burst of electricity at you.
The stunning burst hits you but does no damage.
You shrug off the repeated paralysis!
You open the door.
A vault guard comes into view. It is wielding a +0 halberd.
The vault guard shouts!
The air elemental fires a burst of electricity at you.
The stunning burst hits you but does no damage.
You shrug off the repeated paralysis!
There is an open door here.
Sojobo waves her feathered arms in wide circles.
The air twists around and strikes you!!
You die...

############.#
#..........#..
#..........'.
#..........#
#..........#
+..........#
#.....@.p..#
#######'#####
#.........#
#.........#########
#.........#.......#
#.......EQ#)......+
#........E[)).....#..
#.........#)(E....'9.
#.........#.[)....#


You could see Sojobo (repels missiles), a vault guard and 2 air elementals.

Vanquished Creatures
  Mennas (Vaults:2)
  Bai Suzhen (Snake:4)
  Vashnia (Snake:2)
  A golden dragon (Vaults:2)
  Nikola (Shoals:2)
  A bone dragon (Abyss:2)
  Rupert (Lair:5)
  Mlioglotl (Snake:2)
  Polyphemus (Shoals:2)
  5 tentacled starspawn (Abyss:2)
  Agnes (Snake:4)
  Gastronok (D:11)
  2 sphinxes
  Donald (Vaults:3)
  Frances (Shoals:1)
  Roxanne (Shoals:4)
  Ilsuiw (Shoals:1)
  2 nagarajas
  Aizul (Snake:2)
  11 vault wardens
  Louise (D:14)
  3 orc warlords
  A ghost moth (Abyss:2)
  A cacodemon (Abyss:2)
  7 ironbound preservers
  6 ironbound thunderhulks
  A vampire knight (Vaults:2)
  Azrael (D:13)
  15 dire elephants
  A deep elf death mage (Vaults:3)
  A crystal guardian (Vaults:3)
  9 merfolk javelineers
  7 merfolk impalers
  Snorg (D:12)
  Josephine (D:11)
  8 great orbs of eyes
  5 hydras
  6 yaktaur captains
  3 salamander tyrants
  11 vault guards
  Erolcha (D:11)
  3 catoblepae
  10 ironbound frosthearts
  14 anacondas
  6 merfolk avatars
  4 two-headed ogres
  2 dancing weapons (D:13)
  3 death yaks (Shoals:2)
  4 centaur warriors
  2 boulder beetles
  A peacekeeper (Vaults:3)
  A tengu warrior (D:12)
  2 merfolk aquamancers
  2 alligator snapping turtles (Shoals:4)
  13 naga warriors
  An orc high priest (Orc:2)
  24 naga sharpshooters
  6 thrashing horrors
  Nergalle (D:11)
  Urug (D:11)
  A deep elf knight (Snake:1)
  6 skysharks
  A soul eater (D:13)
  4 salamander mystics
  6 shock serpents
  3 wretched stars (Abyss:2)
  4 skeletal warriors (D:13)
  12 deep trolls
  9 sea snakes
  A deep elf archer (Snake:1)
  A glowing orange brain (Vaults:1)
  2 naga ritualists
  14 lindwurms
  Lodul (D:12)
  6 wizards
  7 orc knights
  11 ironbound convokers
  Pikel (D:7)
  8 harpies (Shoals:4)
  2 necromancers
  The ghost of Zonian the Ducker, a novice GnGl (D:7)
  17 ugly things
  A deep elf pyromancer (D:14)
  7 mana vipers
  6 orc sorcerers
  4 oklob plants (Lair:4)
  A faun (Shoals:3)
  A frost giant zombie (Vaults:3)
  A stone giant zombie (Vaults:2)
  11 manticores
  16 salamanders
  A worldbinder (Abyss:2)
  6 cyclopes
  6 merfolk sirens
  14 naga magi
  A rust devil (D:13)
  Maurice (D:12)
  23 black mambas
  8 guardian serpents
  12 vault sentinels
  6 elephants (Lair:3)
  3 water nymphs
  An apocalypse crab (Abyss:2)
  4 molten gargoyles (D:14)
  5 smoke demons
  2 gargoyles
  2 orange demons (Abyss:2)
  14 cane toads
  Psyche (D:12)
  5 rime drakes
  A yaktaur zombie (Vaults:3)
  6 komodo dragons
  3 kobold demonologists
  An unseen horror (shapeshifter) (Lair:5)
  Maggie (D:8)
  13 yaktaurs
  2 efreet (Abyss:2)
  2 ice devils (D:13)
  40 merfolk
  2 red devils (D:13)
  6 wind drakes
  An ancient zyme (Lair:5)
  4 large abominations (Abyss:2)
  3 polar bears
  6 trolls
  A hellwing (Abyss:2)
  A snapping turtle (shapeshifter) (Lair:5)
  A harpy skeleton (Abyss:2)
  A blink frog (shapeshifter) (D:14)
  3 dream sheep (Shoals:2)
  12 blink frogs
  11 snapping turtles
  2 raiju
  27 slime creatures
  33 yaks
  2 spriggans
  2 shadows
  An elf simulacrum (Vaults:2)
  3 vampires (Vaults:2)
  4 ynoxinuls
  3 water elementals
  A fire bat (Abyss:2)
  2 wyverns
  8 wraiths
  A human (shapeshifter) (Lair:5)
  3 starcursed masses (Abyss:2)
  A basilisk (Lair:5)
  A neqoxec (D:13)
  2 fire elementals (D:13)
  A chaos spawn (Lair:5)
  A steam dragon (D:7)
  An elf skeleton (Vaults:2)
  4 wargs
  9 vampire mosquitoes
  A yaktaur simulacrum (Vaults:2)
  45 nagas
  3 hell hounds (D:13)
  19 water moccasins
  4 black bears
  4 ice beasts
  29 orc warriors
  2 sky beasts
  A human zombie (Vaults:3)
  16 ogres
  3 wolves (Lair:2)
  4 boggarts (Vaults:4)
  9 centaurs
  3 lemures (D:7)
  3 kobold brigands (D:12)
  13 small abominations
  A phantom (D:4)
  17 bullfrogs
  An ogre simulacrum (Vaults:3)
  A scorpion (D:4)
  13 wights
  12 killer bees
  2 howler monkeys
  A quasit (Abyss:2)
  6 jellies
  2 hounds
  25 orc priests
  7 iguanas
  23 orc wizards
  8 mummies (Ossuary)
  A gnoll (D:1)
  5 adders
  A shadow imp (D:8)
  2 white imps
  3 ufetubi
  2 worms
  4 dart slugs
  64 orcs
  3 bats (D:2)
  8 endoplasms
  6 giant cockroaches
  2 gnoll zombies (Ossuary)
  12 goblins
  8 hobgoblins
  5 jackals
  9 quokkas
  15 ball pythons
  4 frilled lizards
  3 hobgoblin zombies (Ossuary)
  12 kobolds
  2 kobold zombies (Ossuary)
  An orc zombie (Ossuary)
  6 rats
  3 starspawn tentacles (Abyss:2)
1199 creatures vanquished.

Vanquished Creatures (collateral kills)
  A daeva (Abyss:2)
  A vault warden (Vaults:4)
  A stone giant (Vaults:4)
  A red draconian (Abyss:2)
  A merfolk impaler (Shoals:4)
  A glowing orange brain (Vaults:4)
  A merfolk (Shoals:4)
  A large abomination (Abyss:2)
8 creatures vanquished.

Vanquished Creatures (others)
  A war gargoyle (Vaults:3)
  An ironbound convoker (Vaults:4)
  A guardian serpent (Snake:4)
  A demonic plant (D:13)
  63 fungi
  112 plants
  11 starspawn tentacles (Abyss:2)
190 creatures vanquished.

Grand Total: 1397 creatures vanquished

Notes
Turn   | Place    | Note
-------+----------+-------------------------------------------
     0 | D:1      | leviel the Hill Orc Fighter began the quest for the Orb.
     0 | D:1      | Reached XP level 1. HP: 19/19 MP: 1/1
    50 | D:1      | Reached XP level 2. HP: 25/27 MP: 2/2
    79 | D:1      | Reached skill level 3 in Axes
   110 | D:1      | Reached XP level 3. HP: 25/33 MP: 3/3
   648 | D:2      | Gained mutation: Your movements are slightly less
                  | encumbered by armour. (ER -2) [potion of mutation]
   648 | D:2      | Gained mutation: You have a pair of small antennae on your
                  | head. [potion of mutation]
   935 | D:2      | Reached XP level 4. HP: 36/40 MP: 4/4
  2002 | D:3      | Reached XP level 5. HP: 40/47 MP: 5/5
  2239 | D:4      | Reached skill level 4 in Axes
  2289 | D:4      | Noticed an ogre
  2294 | D:4      | Killed an ogre
  2295 | D:4      | Reached skill level 5 in Fighting
  2295 | D:4      | Reached XP level 6. HP: 22/56 MP: 6/6
  2445 | D:4      | Reached skill level 5 in Axes
  2620 | D:4      | Reached XP level 7. HP: 53/61 MP: 7/7
  2652 | D:4      | Found a shimmering altar of Xom.
  2662 | D:4      | Found a shimmering altar of Xom.
  2662 | D:4      | Found a shimmering altar of Xom.
  2663 | D:4      | Found a shimmering altar of Xom.
  2663 | D:4      | Found a shimmering altar of Xom.
  2665 | D:4      | Reached skill level 5 in Armour
  2886 | D:4      | Reached skill level 5 in Shields
  3047 | D:5      | Entered Level 5 of the Dungeon
  3216 | D:5      | Found a staircase to the Ecumenical Temple.
  3226 | D:5      | Reached skill level 6 in Axes
  3480 | Temple   | Entered the Ecumenical Temple
  3824 | Temple   | Became a worshipper of the Shining One
  4088 | D:5      | Reached skill level 7 in Axes
  4221 | D:5      | Reached XP level 8. HP: 68/70 MP: 8/8
  4242 | D:5      | Found a burning altar of Makhleb.
  4622 | D:6      | Found Myami's Antique Armour Emporium.
  4641 | D:6      | Bought a pair of runed gloves for 187 gold pieces
  4814 | D:6      | Reached skill level 8 in Axes
  5175 | D:6      | Reached skill level 9 in Axes
  5178 | D:6      | Reached XP level 9. HP: 51/79 MP: 9/9
  5435 | D:6      | Reached * piety under the Shining One
  5863 | D:7      | Found a runed translucent gate.
  5864 | D:7      | Found a runed translucent gate.
  5865 | D:7      | Found a runed translucent gate.
  5867 | D:7      | Noticed Zonian's ghost (novice GnGl)
  5884 | D:7      | Killed Zonian's ghost
  5885 | D:7      | Reached skill level 10 in Axes
  5885 | D:7      | Reached skill level 1 in Dodging
  5965 | D:7      | Identified a scroll of acquirement
  5965 | D:7      | Acquired a manual of Throwing
  6057 | D:7      | Noticed Pikel
  6067 | D:7      | Killed Pikel
  6082 | D:7      | Found a sand-covered staircase.
  6087 | Ossuary  | Entered an ossuary
  6132 | Ossuary  | Reached ** piety under the Shining One
  6422 | D:7      | Reached skill level 11 in Axes
  6434 | D:7      | Reached XP level 10. HP: 71/90 MP: 7/10
  7324 | D:8      | Found a sacrificial altar of Ru.
  7444 | D:8      | Noticed Maggie
  7450 | D:8      | Killed Maggie
  7451 | D:8      | Reached skill level 12 in Axes
  7565 | D:8      | Found a hide-covered altar of Uskayaw.
  7567 | D:8      | Found an ornate altar of the Wu Jian Council.
  7569 | D:8      | Found a hazy altar of Hepliaklqana.
  7570 | D:8      | Found an iron altar of Okawaru.
  7570 | D:8      | Found a white marble altar of Elyvilon.
  8354 | D:9      | Reached *** piety under the Shining One
  8367 | D:9      | Found a staircase to the Lair.
  8827 | D:9      | Reached skill level 13 in Axes
  8887 | D:10     | Entered Level 10 of the Dungeon
  8926 | D:10     | Reached skill level 1 in Throwing
  8982 | D:10     | Noticed a two-headed ogre
  8990 | D:10     | Reached XP level 11. HP: 94/99 MP: 7/11
  8994 | D:10     | Killed a two-headed ogre
  9622 | D:11     | Found a staircase to the Orcish Mines.
  9689 | D:11     | Reached skill level 1 in Invocations
  9708 | D:11     | Noticed Urug
  9726 | D:11     | Killed Urug
  9727 | D:11     | Reached skill level 10 in Fighting
  9727 | D:11     | Reached skill level 1 in Evocations
  9864 | D:11     | Noticed Josephine
  9871 | D:11     | Noticed Erolcha
  9874 | D:11     | Killed Josephine
  9875 | D:11     | Reached skill level 14 in Axes
  9880 | D:11     | Killed Erolcha
 10024 | D:11     | Noticed Gastronok
 10028 | D:11     | Noticed Nergalle
 10037 | D:11     | Killed Gastronok
 10046 | D:11     | Killed Nergalle
 10047 | D:11     | Reached skill level 5 in Dodging
 10416 | D:11     | Noticed a two-headed ogre
 10420 | D:11     | Killed a two-headed ogre
 10421 | D:11     | Reached XP level 12. HP: 107/107 MP: 14/14
 10429 | D:11     | Found a gateway to a bazaar.
 10519 | Bazaar   | Entered a bazaar
 10523 | Bazaar   | Found Guloluumn's Armour Boutique.
 10545 | Bazaar   | Found Votid's Weapon Emporium.
 10566 | Bazaar   | Found Irunluv's Book Boutique.
 10586 | Bazaar   | Found Etifenni's Antique Armour Shoppe.
 10614 | Bazaar   | Bought a distressingly furry plate armour for 532 gold
                  | pieces
 10614 | Bazaar   | Identified the +13 plate armour of Activism {Harm rC+
                  | Regen+ Int+3 Dex-5} (You bought it in a shop in a bazaar)
 10614 | Bazaar   | Bought a pair of glowing gloves for 142 gold pieces
 10737 | Orc:1    | Entered Level 1 of the Orcish Mines
 10753 | Orc:1    | Reached **** piety under the Shining One
 10761 | Orc:1    | Reached skill level 5 in Throwing
 10776 | Orc:1    | Reached skill level 15 in Axes
 10934 | Orc:2    | Entered Level 2 of the Orcish Mines
 11058 | Orc:2    | Noticed a soul eater
 11099 | Orc:2    | Noticed an orc warlord
 11102 | Orc:2    | Reached skill level 10 in Armour
 11102 | Orc:2    | Reached skill level 5 in Invocations
 11103 | Orc:2    | Noticed an orc high priest
 11151 | Orc:1    | Killed an orc warlord
 11159 | Orc:2    | Noticed a soul eater
 11160 | Orc:2    | Killed an orc high priest
 11200 | Orc:2    | Found a roughly hewn altar of Beogh.
 11204 | Orc:2    | Found Petanir's Antique Armour Shoppe.
 11210 | Orc:2    | Found Gyphouf's Jewellery Shoppe.
 11214 | Orc:2    | Found Nuusovu's Antique Weapon Shoppe.
 11468 | Orc:2    | Found Caghi's General Store.
 11483 | Orc:2    | Reached XP level 13. HP: 116/116 MP: 17/17
 11486 | Orc:2    | Bought a scroll of fear for 60 gold pieces
 11524 | Orc:2    | Reached ***** piety under the Shining One
 11573 | Orc:2    | Reached skill level 16 in Axes
 11642 | Orc:2    | Found Fyunall's General Store.
 11709 | Orc:2    | Found a staircase to the Elven Halls.
 11721 | Orc:2    | Found a bloodstained altar of Trog.
 12144 | Lair:1   | Entered Level 1 of the Lair of Beasts
 12349 | Lair:1   | Reached skill level 5 in Evocations
 12969 | Lair:2   | Found a staircase to the Shoals.
 13867 | Lair:3   | Reached skill level 17 in Axes
 13892 | Lair:3   | Found a glowing silver altar of Zin.
 13997 | Lair:3   | Found a staircase to the Snake Pit.
 14376 | Lair:3   | Reached XP level 14. HP: 126/126 MP: 18/20
 14376 | Lair:3   | Identified the +1 long sword of the Skies Above {freeze,
                  | *Rage rPois rN+ Int+4}
 14815 | Lair:4   | Found a staircase to the Slime Pits.
 15330 | Lair:4   | Identified the +7 spear of the Sage {flame, Int+3}
 15942 | Lair:5   | Entered Level 5 of the Lair of Beasts
 15957 | Lair:5   | Noticed Rupert
 15972 | Lair:5   | Killed Rupert
 16417 | Lair:5   | Reached skill level 18 in Axes
 16813 | Abyss:2  | Found a corrupted altar of Lugonu.
 16813 | Abyss:2  | Cast into level 2 of the Abyss (spriggan)
 16847 | Abyss:2  | Noticed a tentacled starspawn
 16853 | Abyss:2  | Killed a tentacled starspawn
 16887 | Abyss:2  | Noticed a tentacled starspawn
 16898 | Abyss:2  | Killed a tentacled starspawn
 16900 | Abyss:2  | Noticed a cacodemon
 16900 | Abyss:2  | Reached ****** piety under the Shining One
 16903 | Abyss:2  | Gained mutation: Your body sometimes deteriorates upon
                  | taking damage. [a cacodemon]
 16905 | Abyss:2  | Noticed a tentacled starspawn
 16910 | Abyss:2  | Killed a cacodemon
 16913 | Abyss:2  | Noticed a tentacled starspawn
 16914 | Abyss:2  | Killed a tentacled starspawn
 16924 | Abyss:2  | Killed a tentacled starspawn
 16930 | Abyss:2  | Noticed a bone dragon
 16947 | Abyss:2  | Killed a bone dragon
 16948 | Abyss:2  | Reached XP level 15. HP: 135/135 MP: 22/22
 16969 | Lair:5   | Escaped the Abyss
 16998 | Lair:5   | Reached skill level 10 in Throwing
 17207 | Lair:5   | Found a corrupted altar of Lugonu.
 17207 | Lair:5   | Found a one-way gate to the infinite horrors of the Abyss.
 17765 | D:12     | Noticed Maurice
 17769 | D:12     | Killed Maurice
 17770 | D:12     | Reached skill level 10 in Invocations
 17831 | D:12     | Noticed Psyche
 17838 | D:12     | Killed Psyche
 17868 | D:12     | Noticed Lodul
 17875 | D:12     | Killed Lodul
 17877 | D:12     | Reached skill level 19 in Axes
 17960 | D:12     | Noticed Snorg
 17966 | D:12     | Killed Snorg
 18049 | D:12     | Found a glowing golden altar of the Shining One.
 18089 | D:12     | Identified a +8 battleaxe of holy wrath (a +6 battleaxe
                  | blessed by the Shining One)
 18089 | D:12     | Received a gift from the Shining One
 18400 | D:13     | Identified the +1 leather armour of Ninoaz Oromu {Harm rF++
                  | Str+2 Dex-2}
 18403 | D:13     | Found a gate to the Vaults.
 18817 | D:13     | Noticed Azrael
 18825 | D:13     | Killed Azrael
 18856 | D:13     | Reached skill level 20 in Axes
 19126 | D:14     | Found a hazy altar of Hepliaklqana.
 19235 | D:14     | Noticed Louise
 19258 | D:14     | Killed Louise
 19385 | D:14     | Reached XP level 16. HP: 144/144 MP: 23/23
 19478 | D:14     | Identified the +0 ring mail of Cilodgh {Int+3 Slay-6 SInv}
 19945 | Snake:1  | Entered Level 1 of the Snake Pit
 20000 | Snake:1  | Identified the ring of Bagoycao {rPois rF+ Int-5 Dex+4}
 20043 | Snake:1  | Reached skill level 10 in Dodging
 20094 | Snake:1  | Found Piruoseo's Armour Shop.
 20094 | Snake:1  | Found Mijam's Jewellery Boutique.
 20098 | Snake:1  | Found Danel's Jewellery Shop.
 20910 | Snake:2  | Found a flickering gateway to a bazaar.
 20925 | Bazaar   | Entered a bazaar
 20959 | Bazaar   | Found Fiulerac's Weapon Emporium.
 20975 | Bazaar   | Found Oteze's Armour Shoppe.
 20975 | Bazaar   | Found Rathrext's Magic Scroll Emporium.
 21045 | Bazaar   | Bought 2 scrolls of fog for 104 gold pieces
 21045 | Bazaar   | Bought a scroll of identify for 26 gold pieces
 21045 | Bazaar   | Bought a scroll of identify for 26 gold pieces
 21045 | Bazaar   | Bought a scroll of brand weapon for 123 gold pieces
 21045 | Bazaar   | Bought a scroll of magic mapping for 97 gold pieces
 21045 | Bazaar   | Bought a scroll of enchant weapon for 97 gold pieces
 21045 | Bazaar   | Bought a scroll of identify for 26 gold pieces
 21179 | Snake:2  | Noticed Mlioglotl
 21191 | Snake:2  | Killed Mlioglotl
 21501 | Snake:2  | Noticed Vashnia
 21526 | Snake:2  | Killed Vashnia
 22198 | Snake:2  | Noticed Aizul
 22215 | Snake:2  | Killed Aizul
 22324 | Snake:3  | Noticed a nagaraja
 22334 | Snake:3  | Killed a nagaraja
 22416 | Snake:3  | Reached XP level 17. HP: 110/150 MP: 16/24
 22623 | Snake:3  | Found Weigak's Armour Emporium.
 22660 | Snake:3  | Found Haedgh's General Store.
 22664 | Snake:3  | Bought a +2 pair of gloves of hurling for 322 gold pieces
 22684 | Snake:3  | Bought a scroll of fear for 52 gold pieces
 22684 | Snake:3  | Bought a scroll of fear for 52 gold pieces
 23214 | Snake:4  | Entered Level 4 of the Snake Pit
 23546 | Snake:4  | Found Vesuitooki's Antique Weapon Shoppe.
 23559 | Snake:4  | Noticed Agnes
 23568 | Snake:4  | Killed Agnes
 23801 | Snake:4  | Reached skill level 15 in Dodging
 24189 | Snake:4  | Got a serpentine rune of Zot
 24544 | Snake:4  | Noticed Bai Suzhen
 24558 | Snake:4  | Killed Bai Suzhen
 24884 | Snake:4  | Reached XP level 18. HP: 154/158 MP: 25/25
 25114 | Shoals:1 | Entered Level 1 of the Shoals
 25277 | Snake:1  | Bought a ring of flight for 297 gold pieces
 25389 | Shoals:1 | Noticed Onluw's ghost (adept DsWn)
 25613 | Shoals:1 | Found a runed translucent door.
 25645 | Shoals:2 | Noticed Nikola
 25659 | Shoals:2 | Noticed Ilsuiw
 25664 | Shoals:2 | Killed Nikola
 25706 | Shoals:1 | Killed Ilsuiw
 25858 | Shoals:2 | Noticed Frances
 25952 | Shoals:1 | Killed Frances
 26077 | Shoals:2 | Noticed Polyphemus
 26092 | Shoals:2 | Killed Polyphemus
 26829 | Shoals:4 | Entered Level 4 of the Shoals
 26829 | Shoals:4 | Identified Roxanne's Volume of Silt
 26829 | Shoals:4 | Noticed Roxanne
 26844 | Shoals:4 | Killed Roxanne
 27029 | Shoals:4 | Got a barnacled rune of Zot
 27356 | Shoals:4 | Identified the +11 trident of Disarray {elec, rPois rC++
                  | Str-4}
 27921 | Shoals:4 | Reached XP level 19. HP: 169/169 MP: 27/27
 28112 | Shoals:1 | Identified the +2 leather armour "Imi Lei" {rElec}
 28339 | Vaults:1 | Entered Level 1 of the Vaults
 28422 | Vaults:1 | Reached skill level 15 in Fighting
 28967 | Vaults:1 | You fall into a shaft and drop 1 floor!
 28990 | Vaults:2 | Noticed a golden dragon
 29014 | Vaults:2 | Killed a golden dragon
 29243 | Vaults:2 | Found a staircase to the Crypt.
 29606 | Vaults:2 | Found Betukop's Book Shop.
 30004 | Vaults:2 | Noticed Mennas
 30042 | Vaults:2 | Killed Mennas
 30494 | Vaults:1 | Reached skill level 10 in Evocations
 30997 | D:7      | Lost mutation: Your movements are slightly less encumbered
                  | by armour. (ER -2) [potion of mutation]
 30997 | D:7      | Lost mutation: You have a pair of small antennae on your
                  | head. [potion of mutation]
 30997 | D:7      | Gained mutation: You possess an exceptional clarity of
                  | mind. [potion of mutation]
 30997 | D:7      | Gained mutation: You are weak. (Str -2) [potion of
                  | mutation]
 31064 | D:4      | Lost mutation: You possess an exceptional clarity of mind.
                  | [potion of mutation]
 31064 | D:4      | Lost mutation: You are weak. (Str -2) [potion of mutation]
 31064 | D:4      | Gained mutation: You are robust. (+10% HP) [potion of
                  | mutation]
 31064 | D:4      | Gained mutation: You expend magic power (3 MP) to
                  | strengthen your wands. [potion of mutation]
 31297 | Vaults:3 | Reached XP level 20. HP: 173/200 MP: 29/29
 31298 | Abyss:2  | Cast into level 2 of the Abyss (war gargoyle)
 31491 | Abyss:2  | HP: 5/200 [efreet/fireball (39)]
 31552 | Abyss:2  | Found a corrupted altar of Lugonu.
 31579 | Vaults:3 | Escaped the Abyss
 31917 | Vaults:3 | Found a portal to a secret trove of treasure.
 31922 | Vaults:3 | Paralysed by a great orb of eyes for 4 turns
 31938 | Vaults:3 | Paralysed by a ghostly great orb of eyes for 3 turns
 32226 | Vaults:3 | Noticed Donald
 32234 | Vaults:3 | Killed Donald
 33152 | Vaults:4 | Noticed Sojobo
 33170 | Vaults:4 | Paralysed by an air elemental for 1 turns
 33187 | Vaults:4 | Paralysed by an air elemental for 1 turns
 33188 | Vaults:4 | HP: 10/205 [Sojobo/+2 vampiric great sword (14)]
 33193 | Vaults:4 | Killed from afar by Sojobo

Illustrated notes

Levels and vault maps discovered:
D:1:      dpeg_arrival_pits, layout_rooms, chequers_jeans, minivault_11,
          minmay_indecisive_spiral
D:2:      layout_basic, minmay_misc_feat_four_crosses, st_stairs_6,
          supply_closet_lemuel, grunt_ministairs_11
D:3:      wander_river, layout_rooms, minivault_19, minmay_quantized
D:4:      layout_basic, xom_redecorated, corexii_leaking_fountain,
          amethyst_killhole, minmay_misc_feat_encased, columned_hall_lemuel,
          minmay_surrounded
D:5:      nicolae_cairo_tiling_large_dashed, layout_loops_corners,
          mainiacjoe_overflow_brackets, minmay_temple_entry_grid,
          hangedman_decor_growths
D:6:      layout_layer_cave, serial_shops, nicolae_shop_tiny_waterfront
D:7:      layout_layer_cave, enter_ossuary_2, ebering_ghost_rock_garden,
          uniq_pikel
D:8:      layout_loops_ring, grunt_temple_overflow_open,
          nicolae_ru_sacrificial_ziggurat, kennysheep_minor_cross,
          palyth_stone_intersect, uniq_maggie
D:9:      layout_roguey, due_lair_maze_entry_diamond
D:10:     layout_gridville, nicolae_titane
D:11:     layout_roguey, orc_0_dummy, serial_shops, bzr_entry_water,
          uniq_josephine, uniq_urug, uniq_erolcha, uniq_nergalle, uniq_gastronok
D:12:     layout_basic, special_room [special_room_orc],
          nicolae_tso_swordbearing_angel, uniq_lodul, uniq_snorg, uniq_maurice,
          uniq_psyche
D:13:     layout_roguey, erik_vaults_1, serial_demonic, serial_demonic_f,
          serial_demonic_g, serial_demonic_e, serial_demonic_c, uniq_azrael
D:14:     cheibrodos_statue_roulette, layout_irregular_city,
          nicolae_hepliaklqana_hazy_memory, grunt_decor_junction, uniq_louise
Temple:   minmay_temple_curvy_branch
Lair:1:   layout_cave_pods
Lair:2:   layout_loops_ring, minmay_shoals_entry_beasts, forest_entry_grove,
          grunt_megastairs_1, infiniplex_staircase_pool_2
Lair:3:   layout_loops_ring, minmay_snake_entry_guardpost_medium, basic_altar,
          serial_bayou_shore_b, grunt_megastairs_4, serial_bayou_shore_b
Lair:4:   minmay_lair_oklob_chamber, layout_small_grid,
          nicolae_slime_entry_slimehenge, lemuel_old_faithful,
          infiniplex_staircase_pool
Lair:5:   hellmonk_lair_end_abyssal_woods, layout_regular_city,
          grunt_megastairs_3, uniq_rupert
Shoals:1: layout_shoals, hellmonk_ghost_happy_afterlife, nicolae_shoals_mertower
Shoals:2: layout_shoals, nicolae_shoals_wave_tunnel, uniq_nikola, uniq_ilsuiw,
          uniq_polyphemus, uniq_frances
Shoals:3: layout_shoals, serial_shops, shop
Shoals:4: shoals_end_hangedman, layout_shoals, uniq_roxanne
Snake:1:  layout_misc_corridors, beargit_elvish_explorers, minmay_shop_star,
          nicolae_triple_integral, lemuel_fruit_tree
Snake:2:  kennysheep_six_static_rooms, layout_grid_maze, serial_shops,
          bzr_entry_dummy, nicolae_snake_gridmaze_swirls, uniq_vashnia,
          uniq_aizul, uniq_mlioglotl
Snake:3:  layout_onion, grunt_ministairs_6, drop_trap, minmay_shoptagon
Snake:4:  snake_pit_salamanders_mu, layout_cave_town, serial_shops,
          nicolae_shop_crystal, nicolae_snake_coiling_death, uniq_agnes,
          uniq_bai_suzhen
Orc:1:    layout_caves
Orc:2:    grunt_orc_cross, layout_caves, basic_altar, serial_shops,
          nicolae_shop_trees
Vaults:1: v_misc_29, ontoclasm_vaults_spin, ontoclasm_vaults_ring_small,
          grunt_vaults_hallway_long, v_misc_5, nicolae_vaults_network_star,
          nicolae_vaults_little_squares_1, layout_vaults_quadrants
Vaults:2: nicolae_vaults_circle_grid_a, minmay_crypt_entry_vampire_xt,
          vaults_room_pools, ontoclasm_vaults_fault, v_misc_18,
          vaults_room_pools, v_rooms_1, v_alt_pattern_4,
          ontoclasm_vaults_hangar, ontoclasm_vaults_pinch,
          ontoclasm_vaults_decontamination, nicolae_vaults_diagonal_hallway_7,
          vaults_dpeg_emergency_exit, grunt_vaults_focal,
          ontoclasm_vaults_shuriken, st_cells, layout_vaults_big_room,
          serial_shops, shop, uniq_mennas
Vaults:3: v_rooms_6, ontoclasm_vaults_claustrophobia, hangedman_vaults_hat,
          v_misc_16, hangedman_vaults_stagger, vaults_mumra_lcd,
          vaults_room_door_ring, nicolae_vaults_yaktaur_gun_rack,
          ontoclasm_vaults_tryst, vaults_room_stairs_pillars,
          nicolae_vaults_little_squares_2, nicolae_vaults_what_the_h,
          nicolae_vaults_little_ls, layout_vaults_omnicross, enter_trove_2,
          uniq_donald
Vaults:4: ontoclasm_vaults_idyll, vaults_room_fours, v_misc_1, v_misc_28,
          nicolae_vaults_bisected_slash, nicolae_vaults_specimen_jars,
          nicolae_vaults_little_squares_1, v_misc_14, v_misc_24,
          vaults_room_fours, nicolae_vaults_little_squares_4,
          nicolae_vaults_rhombus_5, dpeg_vaults_hating_casters,
          vaults_room_semicircle, layout_vaults_maze_snakey, uniq_sojobo

Skill      XL: |  1  2  3  4  5  6  7  8  9 10 11 12 13 14 15 16 17 18 19 20 |
---------------+-------------------------------------------------------------+-----
Axes           | 3 4 5 7 9 11 13 14 15 17 18 20 | 20.0
Fighting       | 4 5 6 7 8 9 10 11 12 13 14 16 17 | 17.8
Armour         | 4 5 6 7 8 9 10 11 12 13 14 | 14.5
Shields        | 4 5 6 |  6.5
Dodging        | 2 4 5 6 7 9 13 16 17 | 17.8
Throwing       | 1 4 6 8 9 10 11 12 13 | 13.3
Invocations    | 3 6 8 9 10 11 12 13 | 13.9
Evocations     | 2 4 6 7 8 9 10 | 10.9

Action                     |  1- 3 |  4- 6 |  7- 9 | 10-12 | 13-15 | 16-18 | 19-21 || total
---------------------------+-------+-------+-------+-------+-------+-------+-------++-------
  Melee: War axe           |    90 |   148 |   144 |       |       |       |       ||   382
         Battleaxe         |       |       |    77 |   330 |   671 |  1061 |   674 ||  2813
  Throw: Dart              |       |       |       |     1 |       |       |       ||     1
         Javelin           |       |       |       |       |    23 |    21 |    15 ||    59
         Throwing net      |       |       |       |       |     1 |       |       ||     1
 Invoke: Divine Shield     |       |       |     2 |     3 |     1 |     2 |     3 ||    11
         Brand Weapon With |       |       |       |       |     1 |       |       ||     1
         Summon Divine War |       |       |       |       |       |     4 |     4 ||     8
         Cleansing Flame   |       |       |       |       |       |     1 |       ||     1
  Evoke: Wand              |       |       |       |       |     2 |       |       ||     2
    Use: Scroll            |     4 |       |    14 |     5 |     5 |    16 |     2 ||    46
         Potion            |     2 |       |     6 |     5 |     4 |     7 |     9 ||    33
 Armour: Scale mail        |    41 |    69 |    10 |       |       |       |       ||   120
         Plate armour      |       |       |   108 |   244 |   548 |   698 |   320 ||  1918
  Dodge: Dodged            |    30 |    79 |    88 |   165 |   367 |   821 |   348 ||  1898
  Block: Buckler           |    29 |    39 |    41 |       |       |       |       ||   109
         Other             |       |       |     5 |    26 |       |    19 |    13 ||    63

Table legend: (Time is in decaauts)
 A = Elapsed time spent in this place.
 B = Non-inter-level travel time spent in this place.
 C = Inter-level travel time spent in this place.
 D = Time resting spent in this place.
 E = Time spent auto-exploring this place.
 F = Levels seen in this place.
 G = Mean time per level.
                   A        B        C        D        E       F      G
               +--------+--------+--------+--------+--------+-----+--------+
         Total |  32693 |  28925 |   3768 |   1978 |  20370 |  39 |  838.3 |
       Dungeon |  13021 |  11244 |   1777 |    665 |   8491 |  14 |  930.1 |
        Temple |    369 |    320 |     49 |      0 |    315 |   1 |  369.0 |
          Lair |   5519 |   4677 |    842 |    361 |   3547 |   5 | 1103.8 |
        Shoals |   2745 |   2576 |    169 |    247 |   1308 |   4 |  686.2 |
     Snake Pit |   4762 |   4112 |    650 |    317 |   2702 |   4 | 1190.5 |
  Orcish Mines |   1300 |   1139 |    161 |    165 |    668 |   2 |  650.0 |
        Vaults |   3981 |   3863 |    118 |    100 |   2961 |   4 |  995.2 |
         Abyss |    404 |    404 |      0 |     19 |     85 |   2 |  202.0 |
        Bazaar |    274 |    274 |      0 |      0 |    158 |   2 |  137.0 |
       Ossuary |    314 |    314 |      0 |    104 |    135 |   1 |  314.0 |
               +--------+--------+--------+--------+--------+-----+--------+

Top non-repeatable levels by time:
 Snake:4: 1670 daAuts
     D:7: 1387 daAuts
  Lair:5: 1364 daAuts
Vaults:2: 1346 daAuts
Vaults:3: 1282 daAuts
     D:5: 1220 daAuts
     D:6: 1219 daAuts
  Lair:3: 1196 daAuts
Vaults:1: 1193 daAuts
 Snake:2: 1153 daAuts
  Lair:4: 1152 daAuts
     D:2: 1096 daAuts
 Snake:1: 1056 daAuts
    D:11: 1053 daAuts
Shoals:4: 1035 daAuts
